 Dungeon Crawl Stone Soup version 0.32-a0-540-g866d13106e (console) character file.

Game seed: 15069539362014144838

2121086 elliptic the Conqueror (level 26, 242/242 HPs)
             Began as a Coglin Delver on Feb 27, 2024.
             Was the Champion of Ru.
             Escaped with the Orb
             ... and 3 runes
             ... and 1 gem on Feb 28, 2024!
             The game lasted 02:50:53 (47052 turns).

elliptic the Conqueror (Coglin Delver)             Turns: 47052, Time: 02:50:53

Health: 242/242    AC: 51    Str: 13    XL:     26   Next: 79%
Magic:  23/23      EV: 11    Int:  9    God:    Ru [******]
Gold:   3980       SH:  0    Dex: 24    Spells: 25/25 levels left

rFire   + + .        a - +8 demon blade {evervamp, Harm ^Drain rN+, norare}
rCold   + + +        b - +9 double sword (spect) {Zolin}
rNeg    + . .        y - +9 scales of the Dragon King {rPois rF+ rC+ Will+}
rPois   +            p - +2 helmet {SInv}
rElec   .            j - +2 cloak {rCorr}
rCorr   +            c - +2 pair of gloves {hurl}
SInv    +            q - +2 pair of boots {rampage}
Will    ++...        l - amulet of regeneration Stlth
                     (ring unavailable)
HPRegen 1.40/turn    (ring unavailable)
MPRegen 0.18/turn

%: harm (+30% outgoing, +20% incoming), rampage
@: hasted, very quick
A: cold resistance 3, fire resistance 1, screaming 1, weak 1, no stealth,
inability to use devices, hated by all, no fire magic, no alchemy magic, no
translocations magic, disrupted magic 1, off-hand wielding, slow wielding,
warmup strikes, no rings, dopey 1, sense surroundings 1
0: Orb of Zot
}: 3/15 runes: decaying, serpentine, silver
a: Renounce Religion, Draw Out Power, Power Leap, Apocalypse


You escaped.
You worshipped Ru.
Ru was exalted by your worship.
You visited 11 branches of the dungeon, and saw 51 of its levels.
You visited the Abyss 1 time.
You also visited: Gauntlet and Ice Cave.

You collected 7652 gold pieces.
You spent 3672 gold pieces at shops.


Innate Abilities, Weirdness & Mutations

Your flesh is almost immune to the effects of cold. (rC+++)
Your flesh is heat resistant. (rF+)
You occasionally shout uncontrollably at your foes.
You are weak. (Str -2)
You cannot be stealthy.
You cannot study or use magical devices.
You are hated by all.
You cannot study or cast Fire magic.
You cannot study or cast Alchemy magic.
You cannot study or cast Translocations magic.
Your casting is slightly disrupted.
You can wield a second weapon in your off-hand.
It takes a long time for you to wield or remove held weapons.
Your first few attacks do less damage.
Your grasper-arms cannot wear rings.
You are dopey. (Int -2)
You passively map a small area around you.


   Skills:
 O Level 27 Fighting
 - Level 6.3(11.2) Short Blades
 - Level 15.4(16.0) Long Blades
 + Level 25.9 Armour
 - Level 20.0 Dodging


You had 25 spell levels left.
You didn't know any spells.
Your spell library contained the following spells:

 Spells                   Type           Power      Damage    Failure   Level
 Freeze                   Ice            0%         1d3       100%        1
 Magic Dart               Conj           0%         1d3       100%        1
 Necrotise                Necr           0%         1d4       100%        1
 Dazzling Flash           Conj/Hex       0%         N/A       100%        3
 Frozen Ramparts          Ice            0%         1d1       100%        3
 Hailstorm                Conj/Ice       0%         3d5       100%        3
 Sigil of Binding         Hex            0%         N/A       100%        3
 Vampiric Draining        Necr           0%         2d6       100%        3
 Cause Fear               Hex            0%         N/A       100%        4
 Dispel Undead            Necr           0%         3d6       100%        4
 Borgnjor's Vile Clutch   Necr/Erth      0%         N/A       100%        5
 Curse of Agony           Necr           0%         N/A       100%        5
 Freezing Cloud           Conj/Ice/Air   0%         6-21      100%        5
 Iskenderun's Battlesphe  Conj           0%         2d6       100%        5
 Lee's Rapid Deconstruct  Erth           0%         3d4*      100%        5
 Metabolic Englaciation   Hex/Ice        0%         N/A       100%        5
 Silence                  Hex/Air        0%         N/A       100%        5
 Bombard                  Conj/Erth      0%         9d1       100%        6
 Conjure Ball Lightning   Conj/Air       0%         3x3d6     100%        6
 Discord                  Hex            0%         N/A       100%        8
 Lehudib's Crystal Spear  Conj/Erth      0%         10d2      100%        8
 Death's Door             Necr           0%         N/A       100%        9
 Apportation              Tloc           Unusable   N/A       N/A         1
 Sting                    Conj/Alch      Unusable   1d3       N/A         1
 Summon Small Mammal      Summ           Unusable   N/A       N/A         1
 Blink                    Tloc           Unusable   N/A       N/A         2
 Call Imp                 Summ           Unusable   N/A       N/A         2
 Cigotuvi's Dreadful Rot  Necr/Alch/Air  Unusable   N/A       N/A         2
 Lesser Beckoning         Tloc           Unusable   N/A       N/A         2
 Call Canine Familiar     Summ           Unusable   N/A       N/A         3
 Gell's Gravitas          Tloc           Unusable   N/A       N/A         3
 Mephitic Cloud           Conj/Alch/Air  Unusable   N/A       N/A         3
 Summon Ice Beast         Ice/Summ       Unusable   N/A       N/A         3
 Teleport Other           Tloc           Unusable   N/A       N/A         3
 Tukima's Dance           Hex            Unusable   N/A       N/A         3
 Animate Armour           Summ/Erth      Unusable   N/A       N/A         4
 Animate Dead             Necr           Unusable   N/A       N/A         4
 Dimensional Bullseye     Hex/Tloc       Unusable   N/A       N/A         4
 Ignite Poison            Fire/Alch      Unusable   N/A       N/A         4
 Iskenderun's Mystic Bla  Conj/Tloc      Unusable   2d3       N/A         4
 Leda's Liquefaction      Alch/Erth      Unusable   N/A       N/A         4
 Martyr's Knell           Necr/Summ      Unusable   N/A       N/A         4
 Passage of Golubria      Tloc           Unusable   N/A       N/A         4
 Petrify                  Alch/Erth      Unusable   N/A       N/A         4
 Summon Blazeheart Golem  Fire/Summ      Unusable   N/A       N/A         4
 Summon Lightning Spire   Summ/Air       Unusable   N/A       N/A         4
 Vhi's Electric Charge    Tloc/Air       Unusable   N/A       N/A         4
 Fireball                 Conj/Fire      Unusable   3d3       N/A         5
 Summon Mana Viper        Hex/Summ       Unusable   N/A       N/A         5
 Death Channel            Necr           Unusable   N/A       N/A         6
 Sculpt Simulacrum        Ice/Alch       Unusable   N/A       N/A         6
 Monstrous Menagerie      Summ           Unusable   N/A       N/A         7
 Spellforged Servitor     Conj/Summ      Unusable   N/A       N/A         7
 Disjunction              Tloc           Unusable   N/A       N/A         8
 Dragon's Call            Summ           Unusable   N/A       N/A         9

Inventory:

Hand Weapons
 a - the +8 demon blade "Leech" (weapon) {evervamp, Harm ^Drain rN+, norare}
   (You found it on level 11 of the Dungeon)

   rN+:       It protects you from negative energy.
   ^Drain:    It drains your maximum health when unequipped.
   Harm:      It increases damage dealt and taken.
 b - a +9 spectral double sword (offhand) {Zolin}
Missiles
 v - 16 curare-tipped darts (quivered)
 A - 2 throwing nets
Armour
 c - a +2 pair of gloves of hurling (worn)
 g - a +2 hat
 j - a +2 cloak of preservation (worn)
 o - quicksilver dragon scales
 p - a +2 helmet of see invisible (worn)
 q - a +2 pair of boots of rampaging (worn)
 u - the +2 pair of gloves of Pusoq {rCorr Int+5}
   (You bought it in a shop on level 1 of the Snake Pit)

   Int+5:     It affects your intelligence (+5).
   rCorr:     It protects you from acid and corrosion.
 y - the +9 scales of the Dragon King (worn) {rPois rF+ rC+ Will+}
   (You found it on level 3 of the Depths)

   rF+:       It protects you from fire.
   rC+:       It protects you from cold.
   rPois:     It protects you from poison Will+: It increases your willpower.
 B - the +0 pair of gloves "Juol" {Int+5 Slay+2}
   (You bought it in a shop on level 1 of the Snake Pit)

   Int+5:     It affects your intelligence (+5).
   Slay+2:    It affects your accuracy & damage with ranged weapons and melee
   (+2).
 N - the +2 ring mail "Trusted Companion" {Dex+5}
   (You bought it in a shop on level 8 of the Dungeon)

   Dex+5:     It affects your dexterity (+5).
Jewellery
 l - an amulet of regeneration (around neck)
Scrolls
 d - 21 scrolls of teleportation
 h - 5 scrolls of revelation
 r - 7 scrolls of immolation
 t - 7 scrolls of fog
 w - 2 scrolls of fear
 C - 3 scrolls of enchant armour
 P - 4 scrolls of brand weapon
 Q - 5 scrolls of blinking
 V - 7 scrolls of poison
Potions
 e - 2 potions of attraction
 f - 3 potions of invisibility
 i - 6 potions of mutation {!q}
 m - 4 potions of might
 n - 11 potions of curing
 s - 9 potions of heal wounds
 x - 2 potions of resistance
 z - 4 potions of magic
 E - 6 potions of ambrosia
 I - 4 potions of berserk rage {!q}
 K - 2 potions of enlightenment
 L - 3 potions of cancellation
 M - a potion of haste
 T - 2 potions of brilliance


Message History

You climb upwards.
There is a stone staircase leading down here.
There is a stone staircase leading up here.
You climb upwards.
There is a stone staircase leading down here.
There is a stone staircase leading up here.
You climb upwards.
There is a stone staircase leading down here.
An efreet comes into view.
It is wielding a +2 scimitar of flaming.
There is a stone staircase leading up here.
You climb upwards.
There is a stone staircase leading down here.
There is a stone staircase leading up here.
You climb upwards.
There is a stone staircase leading down here.
There is a stone staircase leading up here.
You climb upwards.
There is a stone staircase leading down here.
Things that are here:
a +0 halberd; a gnoll skeleton
Things that are here:
5 stones; a +0 whip You see here a +0 flail.
There is an open door here.
There is a shadowy altar of Dithmenos here.
There is a stone staircase leading up here.
You climb upwards.
There is a stone staircase leading down here.
You see here an adder skeleton.
There is an open door here.
There is a stone staircase leading up here.
You feel yourself speed up.
You climb upwards.
There is a stone staircase leading down here.
An Executioner comes into view.
There is an open door here.
There is a staircase leading out of the dungeon here.
The Executioner gestures.
The Executioner seems to speed up.
You have escaped!

#############.##...# #.#
###########......# #.#
###.........####.#.# #.#####
...............###.# #.....#
.....-...-.......#.# #.....#
.(-.........-...##.# #.....#
.......~.........#.######.....###
.-...........-...#.#...##.....##.
....~.....~.....@#.#1..##.######.
.-...........-...#.'...'..# ####.
.......~........1#.#...######....
..-.........-...##.#...# #.......
.....-...-......'..##### #.......
...............##....## #.......
###.........########..####.......
########### #..............
#.#.####.##+###


You could see an Executioner (fast).

Vanquished Creatures
  2 dread liches
  2 ancient liches
  Mara (Swamp:3)
  4 orbs of fire
  Josephina (Crypt:1)
  A Killer Klown (Zot:5)
  Boris (thrice) (Crypt:2 Crypt:3 Depths:4)
  Saint Roka (Snake:2)
  Margery (Crypt:1)
  4 caustic shrikes (Depths:3)
  Jory (Crypt:3)
  A profane servitor (Crypt:3)
  Nikola (Depths:2)
  4 golden dragons
  2 bone dragons
  2 electric golems (Zot:5)
  2 doom hounds (Depths:2)
  Mlioglotl (Swamp:1)
  9 tentacled monstrosities
  A walking crystal tome (Depths:3)
  Rupert (Orc:2)
  Jorgrun (Swamp:1)
  4 liches
  22 Orb Guardians
  A searing wretch (Crypt:1)
  6 titans
  Grunn (Depths:2)
  3 death cobs
  3 quicksilver dragons
  11 sphinxes
  4 ancient champions
  A tentacled starspawn (Abyss:4)
  3 thorn hunters
  11 tengu reavers
  10 storm dragons
  Donald (Vaults:1)
  Roxanne (Swamp:1)
  5 shadow dragons
  2 nagarajas (Snake:4)
  4 revenants
  5 fire giants
  A draconian knight (Zot:5)
  2 draconian monks (Zot:2)
  An azure jelly (Snake:3)
  A balrug (Depths:1)
  14 vault wardens
  9 frost giants
  2 ghost moths (Zot:5)
  2 draconian scorchers
  2 draconian shifters
  3 deep elf sorcerers (Vaults:5)
  4 iron dragons
  A spectral juggernaut (Crypt:3)
  A juggernaut zombie (Depths:2)
  2 curse skulls (Crypt:1)
  5 orc warlords
  Louise (Swamp:2)
  4 ghouls
  17 ironbound preservers
  2 spriggan defenders (Depths:3)
  4 formless jellyfish
  2 reapers
  11 stone giants
  A draconian annihilator (Zot:4)
  28 very ugly things
  9 vampire knights
  A lorocyproca (Depths:3)
  7 green draconians
  5 eleionomae
  3 black draconians
  4 deep elf demonologists
  3 war gargoyles
  4 white draconians
  8 deep elf death magi
  4 ironbound thunderhulks
  2 deep elf annihilators
  A minotaur (Gauntlet)
  9 spark wasps
  3 red draconians (Zot:5)
  4 bunyips
  14 dire elephants
  2 yellow draconians (Zot:5)
  4 purple draconians
  A blizzard demon (Abyss:4)
  2 eidola
  8 fire dragons
  2 crystal guardians
  20 jiangshi
  16 ettins
  4 deep elf high priests
  10 great orbs of eyes
  Fannar (Orc:1)
  A shambling mangrove (Swamp:4)
  A fenstrider witch zombie (Crypt:1)
  16 yaktaur captains
  4 salamander tyrants (Snake:4)
  3 entropy weavers
  6 rakshasas
  A spriggan zombie (Depths:3)
  3 peacekeepers
  5 ice dragons
  A quicksilver dragon skeleton (Vaults:1)
  20 hydras
  26 vault guards
  6 alligators
  2 spriggan air magi
  Erica (Orc:1)
  A catoblepas (Lair:2)
  A caustic shrike simulacrum (IceCv)
  6 ironbound frosthearts
  4 death knights
  2 ogre magi (Vaults:5)
  8 anacondas
  7 centaur warriors
  6 two-headed ogres
  29 dancing weapons
  4 boulder beetles
  4 deep troll shamans
  The ghost of DimondSprtn the Carver, a novice DsMo of Yredelemnul (D:8)
  6 death yaks (Lair:5)
  7 naga warriors
  3 tengu warriors
  10 naga sharpshooters
  3 deep troll earth magi
  A spectral dire elephant (Crypt:3)
  5 thrashing horrors (Abyss:4)
  4 spriggan berserkers
  9 vampire magi
  6 shock serpents
  2 occultists
  A storm dragon zombie (Depths:2)
  25 deep elf knights
  6 orc high priests
  4 hell hogs (Depths:1)
  7 hell knights
  4 soul eaters (Depths:1)
  A wretched star (Abyss:4)
  4 iron trolls
  A spectral minotaur (Crypt:3)
  4 shadow wraiths
  A sun demon (Depths:1)
  3 salamander mystics
  A sixfirhy (Depths:1)
  2 skysharks (Lair:3)
  26 skeletal warriors
  A deep troll (shapeshifter) (Depths:3)
  A golden dragon zombie (Depths:3)
  A spriggan druid (Swamp:2)
  5 goliath frogs
  A mana viper (shapeshifter) (Depths:2)
  A spark wasp zombie (Crypt:2)
  An orb spider (Abyss:4)
  10 flayed ghosts
  7 arcanists
  9 naga ritualists
  50 deep trolls
  2 glowing orange brains
  4 thermic dynamos
  11 mana vipers
  11 swamp dragons
  2 tengu zombies
  3 orange crystal statues
  20 bog bodies
  16 deep elf archers
  Pikel (D:9)
  2 golden dragon skeletons
  A harpy (shapeshifter) (Elf:2)
  23 ironbound convokers
  An anaconda skeleton (Crypt:2)
  26 deep elf pyromancers
  A wolf spider zombie (D:15)
  14 lindwurms
  An iron dragon zombie (Depths:2)
  7 necromancers
  33 deep elf zephyrmancers
  11 phantasmal warriors
  An oklob plant (Snake:2)
  11 orc knights
  4 large abominations
  The ghost of CougarLife the Geomancer, a novice GrEE of Vehumet (D:7)
  6 manticores
  A sphinx simulacrum (Depths:3)
  A wolf spider (Vaults:5)
  12 salamanders
  3 will-o-the-wisps
  2 lightning spires (Gauntlet)
  36 ugly things
  7 orc sorcerers
  A tengu skeleton (Depths:3)
  3 meliai (Gauntlet)
  2 kobold blastminers (Orc:2)
  A moth of wrath (shapeshifter) (Vaults:5)
  5 cyclopes
  11 moths of wrath
  3 elephants
  15 vault sentinels
  A guardian serpent (shapeshifter) (Vaults:5)
  38 black mambas
  An eye of devastation (shapeshifter) (Depths:2)
  A centaur zombie (Crypt:2)
  10 cane toads
  18 naga magi
  4 guardian serpents
  3 smoke demons
  A gargoyle (D:12)
  A torpor snail (Lair:3)
  A hellion (Depths:1)
  2 centaur skeletons
  A kobold demonologist (D:6)
  6 komodo dragons
  13 freezing wraiths
  2 rime drakes (Lair:3)
  A green draconian zombie (Crypt:2)
  2 anaconda simulacra (IceCv)
  An efreet (D:14)
  2 golden dragon simulacra (IceCv)
  A harpy zombie (D:15)
  3 tengu conjurers
  26 yaktaurs
  An iron giant simulacrum (Crypt:3)
  An ancient zyme (Abyss:4)
  9 trolls
  A bloated husk (Swamp:1)
  A sea snake skeleton (Crypt:2)
  A purple draconian skeleton (Crypt:2)
  13 hornets
  An alligator simulacrum (IceCv)
  10 polar bears
  3 harpy skeletons
  8 tyrant leeches
  Grinder (D:6)
  A glass eye (Depths:2)
  A blink frog (Lair:4)
  4 raiju
  A fire giant simulacrum (Depths:2)
  15 dream sheep
  A jumping spider (Vaults:3)
  37 slime creatures
  11 water elementals
  4 shadows
  17 spriggans
  16 wraiths
  A yak (shapeshifter) (D:15)
  6 wyverns
  4 small abominations
  71 yaks
  2 ettin skeletons
  2 ynoxinuls
  4 fire bats (D:11)
  5 basilisks
  An alligator snapping turtle simulacrum (Crypt:1)
  6 wargs
  A steam dragon (D:10)
  5 redbacks (Vaults:3)
  Menkaure (D:6)
  9 vampire mosquitoes
  38 nagas
  A glowing shapeshifter zombie (Vaults:1)
  7 harpy simulacra
  2 acid dragons
  18 swamp worms
  14 water moccasins
  2 hydra simulacra (IceCv)
  A merfolk skeleton (Crypt:1)
  Duvessa (D:4)
  20 orc warriors
  13 swamp drakes
  An ice dragon simulacrum (Crypt:1)
  An ice beast (D:8)
  An ettin simulacrum (IceCv)
  25 laughing skulls
  7 black bears
  A snapping turtle zombie (Crypt:2)
  43 wolves
  9 ogres
  10 boggarts
  7 centaurs
  A kobold brigand (D:8)
  A fire crab zombie (Crypt:2)
  A weeping skull (Crypt:3)
  A human zombie (Vaults:1)
  7 bullfrogs
  2 scorpions (D:4)
  A deep troll simulacrum (Crypt:1)
  5 earth elementals
  37 wights
  4 burial acolytes (Crypt:3)
  A human simulacrum (Vaults:1)
  Dowan (D:4)
  2 troll zombies (Swamp:1)
  A lindwurm simulacrum (IceCv)
  7 killer bees
  9 howler monkeys
  An electric eel (Lair:1)
  2 black bear zombies
  A jelly (D:7)
  Crazy Yiuf (D:6)
  4 hounds
  21 orc priests
  2 sleepcaps
  Natasha (thrice) (D:4)
  3 iguanas
  29 orc wizards
  A deep dwarf skeleton (Crypt:1)
  2 boggart simulacra (D:14)
  4 gnolls (D:3)
  7 adders
  2 shadow imps
  5 white imps
  2 ufetubi (D:14)
  A lava snake skeleton (Crypt:2)
  7 dart slugs
  2 ribbon worms (D:2)
  76 orcs
  22 bats
  5 endoplasms
  8 giant cockroaches
  8 hobgoblins
  2 jackals (D:2)
  13 kobolds
  5 quokkas
  9 ball pythons
  7 frilled lizards
  10 goblins
  6 rats
  A rat zombie (Crypt:1)
  A river rat skeleton (Crypt:2)
  11 butterflies (Vaults:3)
  A spectral weapon (Crypt:3)
2136 creatures vanquished.

Vanquished Creatures (collateral kills)
  2 hydras
  2 polar bears (Lair:3)
  3 blink frogs (Lair:4)
  A dream sheep (Lair:4)
  3 yaks (Lair:4)
  A bullfrog (Lair:4)
12 creatures vanquished.

Vanquished Creatures (others)
  Boris (Depths:1)
  A nagaraja (Snake:4)
  A very ugly thing (Depths:4)
  A purple draconian (Zot:2)
  2 jiangshi
  A hydra (Swamp:4)
  An alligator (Swamp:2)
  A vault guard (Vaults:5)
  A deep troll (Vaults:1)
  A bog body (Swamp:2)
  A deep elf zephyrmancer (Orc:2)
  2 bloated husks
  2 vampire mosquitoes (Swamp:2)
  A swamp drake (Swamp:4)
  A centaur (D:13)
  An orc wizard (Orc:2)
  4 foxfires
  47 spectral weapons
70 creatures vanquished.

Grand Total: 2218 creatures vanquished

Notes
Turn   | Place    | Note
-------+----------+-------------------------------------------
     0 | D:5      | elliptic the Coglin Delver began the quest for the Orb.
     0 | D:5      | Reached XP level 1. HP: 18/18 MP: 1/1
     7 | D:5      | Noticed a black bear
    14 | D:5      | :(
    20 | D:5      | hm
    20 | D:5      | I think I try d:6 probably
    37 | D:6      | Noticed Grinder
    51 | D:6      | Noticed an orc wizard
    51 | D:6      | Noticed a sleepcap
    52 | D:6      | sigh
    62 | D:6      | :(
   141 | D:4      | Noticed a scorpion
   168 | D:4      | okay
   186 | D:3      | Reached XP level 2. HP: 24/24 MP: 2/2
   304 | D:2      | Reached skill level 3 in Long Blades
   402 | D:1      | Reached XP level 3. HP: 29/29 MP: 3/3
   608 | D:1      | Reached skill level 3 in Dodging
  1000 | D:2      | Reached skill level 1 in Short Blades
  1000 | D:2      | Reached XP level 4. HP: 35/35 MP: 4/4
  1802 | D:3      | Reached XP level 5. HP: 41/41 MP: 5/5
  1878 | D:3      | Found a shadowy altar of Dithmenos.
  1916 | D:2      | Reached skill level 3 in Short Blades
  2236 | D:4      | Noticed a black bear
  2247 | D:4      | Killed a black bear
  2248 | D:4      | Reached XP level 6. HP: 36/47 MP: 6/6
  2468 | D:4      | Noticed Dowan
  2469 | D:4      | Noticed Duvessa
  2470 | D:4      | oh right
  2623 | D:4      | Found a glowing golden altar of the Shining One.
  2684 | D:4      | Reached XP level 7. HP: 41/52 MP: 7/7
  2735 | D:4      | Became a worshipper of the Shining One
  2876 | D:4      | Noticed Natasha
  2886 | D:4      | Killed Natasha
  2932 | D:4      | Noticed Natasha
  2951 | D:4      | Killed Natasha
  3086 | D:4      | Found a glowing golden altar of the Shining One.
  3132 | D:4      | Noticed Natasha
  3140 | D:4      | Killed Natasha
  3892 | D:5      | Reached skill level 6 in Short Blades
  3896 | D:5      | Reached XP level 8. HP: 44/60 MP: 8/8
  4021 | D:5      | Reached skill level 4 in Fighting
  4057 | D:6      | Noticed Menkaure
  4222 | D:6      | Found Iranub's Weapon Boutique.
  4230 | D:6      | hm
  4282 | D:6      | ow why
  4282 | D:6      | hm this is actually bad
  4495 | D:6      | Found a runed translucent door.
  4496 | D:6      | Noticed Crazy Yiuf
  4629 | D:6      | Killed Menkaure
  4629 | D:6      | Reached * piety under the Shining One
  4794 | D:6      | Paralysed by Grinder for 5 turns
  4804 | D:6      | Killed Grinder
  4805 | D:6      | Reached skill level 6 in Long Blades
  5069 | D:6      | Reached XP level 9. HP: 66/66 MP: 9/9
  5069 | D:6      | Noticed a kobold demonologist
  5075 | D:6      | Noticed a hellwing
  5082 | D:6      | Killed a kobold demonologist
  5083 | D:6      | Reached skill level 6 in Dodging
  5457 | D:6      | Killed Crazy Yiuf
  5512 | D:6      | Acquired 804 gold pieces
  5514 | D:6      | Bought a +4 scimitar of holy wrath for 408 gold pieces
  5567 | D:7      | Reached ** piety under the Shining One
  5621 | D:7      | why
  5625 | D:7      | Reached skill level 9 in Long Blades
  5630 | D:7      | Reached skill level 5 in Fighting
  5634 | D:7      | HP: 13/68 [orc priest/nerve-wracking pain (5)]
  5635 | D:7      | ugh
  5636 | D:7      | HP: 4/68 [orc priest/divine providence (13)]
  5639 | D:7      | how did this go so poorly
  5639 | D:7      | I think I tree and hope for the best
  5648 | D:7      | HP: 20/102 [orc priest/divine providence (10)]
  5890 | D:7      | Found a staircase to the Ecumenical Temple.
  5893 | D:7      | Reached XP level 10. HP: 74/74 MP: 10/10
  5896 | Temple   | Entered the Ecumenical Temple
  5897 | Temple   | hm
  5904 | Temple   | Fell from the grace of the Shining One
  5904 | Temple   | Became a worshipper of Ru the Awakened
  5973 | D:7      | Found a runed translucent door.
  6128 | D:7      | Reached skill level 6 in Fighting
  6241 | D:7      | Noticed CougarLife's ghost (novice GrEE)
  6330 | D:8      | Found Uqeo's Antique Weapon Shoppe.
  6352 | D:8      | Found Waku's Distillery.
  6357 | D:8      | Bought a potion of enlightenment for 50 gold pieces
  6357 | D:8      | Bought a potion of curing for 30 gold pieces
  6357 | D:8      | Bought a potion of curing for 30 gold pieces
  6357 | D:8      | Bought a potion of cancellation for 80 gold pieces
  6357 | D:8      | Bought a potion of haste for 100 gold pieces
  6418 | D:8      | Found an ancient bone altar of Kikubaaqudgha.
  6420 | D:8      | Found a burning altar of Makhleb.
  6514 | D:8      | Found Luskeuvoed's Armour Shop.
  6621 | D:8      | Bought the +2 ring mail "Trusted Companion" {Dex+5} for 409
                  | gold pieces
  6696 | D:8      | Gained mutation: You occasionally shout uncontrollably at
                  | your foes. [Ru sacrifice]
  6716 | D:8      | Noticed DimondSprtn's ghost (novice DsMo)
  6751 | D:8      | Found a runed translucent door.
  7278 | D:9      | Noticed Maurice
  7281 | D:9      | Maurice changed into Maurice the wyvern
  7281 | D:9      | Noticed Maurice
  7283 | D:9      | Killed Maurice the wyvern
  7284 | D:9      | Reached skill level 12 in Long Blades
  7350 | D:9      | Reached skill level 7 in Fighting
  7369 | D:9      | Reached XP level 11. HP: 66/84 MP: 11/11
  7473 | D:9      | Reached skill level 9 in Dodging
  7477 | D:9      | Found a staircase to the Lair.
  7648 | D:8      | Bought a +0 pair of gloves of hurling for 149 gold pieces
  7805 | D:9      | Noticed Pikel
  7811 | D:9      | Killed Pikel
  7812 | D:9      | Reached skill level 1 in Armour
  7950 | D:9      | Reached skill level 3 in Armour
  8171 | D:10     | Entered Level 10 of the Dungeon
  8281 | D:10     | Found a staircase to the Orcish Mines.
  8528 | D:10     | Gained mutation: You cannot be stealthy. [Ru sacrifice]
  8528 | D:10     | Reached * piety under Ru
  9188 | D:11     | Found a white marble altar of Elyvilon.
  9200 | D:11     | Found a runed translucent door.
  9205 | D:11     | Found an opulent altar of Gozag.
  9267 | D:11     | Found a sparkling altar of Nemelex Xobeh.
  9296 | D:11     | Found an opulent altar of Gozag.
  9347 | D:11     | Reached XP level 12. HP: 89/91 MP: 12/12
  9372 | D:11     | Found a shimmering altar of Xom.
  9403 | D:11     | Found a blossoming altar of Fedhas.
  9584 | D:11     | Found the +8 demon blade "Leech" {evervamp, Harm ^Drain
                  | rN+}
  9593 | D:11     | Reached skill level 8 in Fighting
  9598 | D:11     | oh
  9655 | D:10     | Noticed a two-headed ogre
  9661 | D:10     | Killed a two-headed ogre
 10463 | D:4      | Killed Duvessa
 10467 | D:4      | Killed Dowan
 10666 | Lair:1   | Entered Level 1 of the Lair of Beasts
 10699 | Lair:1   | Reached skill level 12 in Dodging
 10943 | Lair:1   | Gained mutation: Your casting is slightly disrupted. [Ru
                  | sacrifice]
 11424 | Lair:1   | Reached skill level 9 in Fighting
 11679 | Lair:2   | Found a staircase to the Snake Pit.
 11828 | Lair:2   | Noticed a catoblepas
 11833 | Lair:2   | Killed a catoblepas
 12041 | Lair:2   | Reached skill level 3 in Evocations
 12058 | Lair:2   | Noticed a seven-headed hydra
 12067 | Lair:2   | Killed a seven-headed hydra
 12068 | Lair:2   | Reached skill level 6 in Evocations
 12287 | Lair:2   | Gained mutation: Your flesh is cold resistant. (rC+)
                  | [Coglin growth]
 12287 | Lair:2   | Gained mutation: Your flesh is heat resistant. (rF+)
                  | [Coglin growth]
 12287 | Lair:2   | Reached XP level 13. HP: 102/102 MP: 13/13
 12549 | Lair:3   | Found a staircase to the Swamp.
 12569 | Lair:3   | Reached skill level 10 in Fighting
 12818 | Lair:3   | Reached skill level 11 in Fighting
 13088 | Lair:3   | Gained mutation: You cannot study or cast Fire magic. [Ru
                  | sacrifice]
 13088 | Lair:3   | Gained mutation: You cannot study or cast Alchemy magic.
                  | [Ru sacrifice]
 13088 | Lair:3   | Gained mutation: You cannot study or cast Translocations
                  | magic. [Ru sacrifice]
 13088 | Lair:3   | Reached ** piety under Ru
 13375 | Lair:3   | Reached skill level 12 in Fighting
 13432 | Lair:3   | Reached skill level 9 in Evocations
 13616 | Lair:4   | Reached skill level 13 in Fighting
 13649 | Lair:4   | Reached XP level 14. HP: 118/118 MP: 14/14
 14062 | Lair:5   | Entered Level 5 of the Lair of Beasts
 14274 | Lair:5   | Reached skill level 14 in Fighting
 14369 | Lair:5   | Found an ornate altar of the Wu Jian Council.
 14371 | Lair:5   | Found a hide-covered altar of Uskayaw.
 14597 | Lair:5   | Gained mutation: You are weak. (Str -2) [Ru sacrifice]
 14597 | Lair:5   | Reached *** piety under Ru
 14636 | Lair:5   | Found a viscous altar of Jiyva.
 14636 | Lair:5   | Found a staircase to the Slime Pits.
 14783 | Lair:5   | Gained mutation: You sometimes lose your temper in combat.
                  | [potion of mutation]
 14783 | Lair:5   | Gained mutation: You have an uncontrollable temper. [potion
                  | of mutation]
 14783 | Lair:5   | Gained mutation: Your magical capacity is low. (-10% MP)
                  | [potion of mutation]
 14784 | Lair:5   | why
 14784 | Lair:5   | Lost mutation: Your magical capacity is low. (-10% MP)
                  | [potion of mutation]
 14784 | Lair:5   | Lost mutation: You have an uncontrollable temper. [potion
                  | of mutation]
 14784 | Lair:5   | Gained mutation: Armour fits poorly on your strangely
                  | shaped body. [potion of mutation]
 14784 | Lair:5   | Lost mutation: You sometimes lose your temper in combat.
                  | [potion of mutation]
 14785 | Lair:5   | fine
 14873 | Lair:5   | Reached skill level 15 in Fighting
 15196 | D:8      | Killed DimondSprtn's ghost
 15253 | D:7      | Killed CougarLife's ghost
 15444 | D:12     | Found Gitun's Antique Weapon Shoppe.
 15906 | D:12     | Reached XP level 15. HP: 129/129 MP: 15/15
 16218 | Orc:1    | Entered Level 1 of the Orcish Mines
 16218 | Orc:1    | Found Gisiemm's Weapon Emporium.
 16231 | Orc:1    | Found Tisy's Antique Armour Shoppe.
 16282 | Orc:1    | Noticed Fannar
 16286 | Orc:1    | Killed Fannar
 16288 | Orc:1    | Gained mutation: You are hated by all. [Ru sacrifice]
 16288 | Orc:1    | Reached **** piety under Ru
 16371 | Orc:1    | Found Tellics's Jewellery Emporium.
 16442 | Orc:1    | Noticed Erica
 16452 | Orc:1    | Killed Erica
 16499 | Orc:1    | Found Niutis's Distillery.
 16504 | Orc:1    | Bought a potion of heal wounds for 75 gold pieces
 16507 | Orc:1    | Lost mutation: Armour fits poorly on your strangely shaped
                  | body. [potion of mutation]
 16507 | Orc:1    | Gained mutation: You passively map a small area around you.
                  | [potion of mutation]
 16507 | Orc:1    | Gained mutation: You are dopey. (Int -2) [potion of
                  | mutation]
 16507 | Orc:1    | Gained mutation: Your flesh is very cold resistant. (rC++)
                  | [potion of mutation]
 16507 | Orc:1    | Gained mutation: Your flesh is almost immune to the effects
                  | of cold. (rC+++) [potion of mutation]
 16564 | Orc:1    | Found Wakucwux's Antique Armour Boutique.
 16744 | Orc:1    | what hy
 16744 | Orc:1    | why
 16916 | Orc:2    | Entered Level 2 of the Orcish Mines
 16982 | Orc:2    | Found Kuiroewa's Magic Scroll Shop.
 16985 | Orc:2    | Found a staircase to the Elven Halls.
 17028 | Orc:2    | Reached skill level 16 in Fighting
 17210 | Orc:2    | Noticed Rupert
 17213 | Orc:2    | hm
 17219 | Orc:2    | Killed Rupert
 17230 | Orc:2    | Reached skill level 6 in Armour
 17683 | Orc:2    | Gained mutation: You cannot study or use magical devices.
                  | [Ru sacrifice]
 17683 | Orc:2    | Reached ***** piety under Ru
 17683 | Orc:2    | Reached ****** piety under Ru
 17851 | Orc:2    | Found Tiv Lilu's Armour Emporium.
 17856 | Orc:2    | Found Faitris's Armour Shop.
 17863 | Orc:2    | Found Vimmiag's Book Shop.
 17865 | Orc:2    | Found Meusuxer's Armour Emporium.
 17943 | Orc:2    | Bought a scroll of identify for 34 gold pieces
 17943 | Orc:2    | Bought a scroll of identify for 34 gold pieces
 17943 | Orc:2    | Bought a scroll of identify for 34 gold pieces
 17986 | Orc:1    | Bought a glimmering leather armour for 210 gold pieces
 17986 | Orc:1    | Identified the +0 leather armour of the Evil One {rC+ Will-
                  | rCorr Dex+3} (You bought it in a shop on level 1 of the
                  | Orcish Mines)
 18587 | D:14     | Found a gate leading to a gauntlet.
 18596 | Gauntlet | Entered a Gauntlet
 18596 | Gauntlet | Found a transporter.
 18596 | Gauntlet | Found a transporter.
 18626 | Gauntlet | Found a transporter.
 18643 | Gauntlet | Found a transporter.
 18643 | Gauntlet | Found a transporter.
 18643 | Gauntlet | Found a transporter.
 18646 | Gauntlet | Found a transporter.
 18646 | Gauntlet | Found a transporter.
 18662 | Gauntlet | Found a transporter.
 18674 | Gauntlet | Found a transporter.
 18684 | Gauntlet | Found a transporter.
 18701 | Gauntlet | Found a transporter.
 18718 | Gauntlet | Found a transporter.
 18732 | Gauntlet | Found a transporter.
 18876 | Gauntlet | Identified the ring of Contentment {rPois rN+ Dex+6}
 18994 | Gauntlet | Reached skill level 9 in Armour
 19323 | D:14     | Found a sparkling altar of Nemelex Xobeh.
 19354 | D:14     | Found a gate to the Vaults.
 19440 | D:14     | Reached skill level 15 in Dodging
 19573 | D:14     | Reached XP level 16. HP: 139/139 MP: 16/16
 19711 | D:15     | Entered Level 15 of the Dungeon
 20521 | D:15     | Found a staircase to the Depths.
 20689 | Orc:1    | Bought a potion of curing for 45 gold pieces
 20850 | Snake:1  | Entered Level 1 of the Snake Pit
 20861 | Snake:1  | Found Tejumag's Antique Armour Shoppe.
 20863 | Snake:1  | Found Piytopu's Assorted Antiques.
 20863 | Snake:1  | Found Hynajuowk's Antique Armour Emporium.
 20883 | Snake:1  | Found Doujakoj's Book Emporium.
 20892 | Snake:1  | Bought a pair of ancient gloves for 247 gold pieces
 20892 | Snake:1  | Identified the +2 pair of gloves of Pusoq {rCorr Int+5}
                  | (You bought it in a shop on level 1 of the Snake Pit)
 20892 | Snake:1  | Bought a pair of bloodstained gloves for 247 gold pieces
 20892 | Snake:1  | Identified the +0 pair of gloves "Juol" {Int+5 Slay+2} (You
                  | bought it in a shop on level 1 of the Snake Pit)
 20970 | Swamp:1  | Entered Level 1 of the Swamp
 20993 | Lair:3   | Reached skill level 17 in Fighting
 21042 | Swamp:1  | Noticed Jorgrun
 21046 | Swamp:1  | Noticed Roxanne
 21061 | Swamp:1  | Killed Jorgrun
 21164 | Swamp:1  | Noticed Mlioglotl
 21172 | Swamp:1  | Killed Mlioglotl
 21780 | Swamp:2  | Noticed Louise
 21800 | Swamp:2  | Killed Louise
 22800 | Snake:2  | Reached skill level 18 in Fighting
 22865 | Snake:2  | Reached XP level 17. HP: 149/149 MP: 17/17
 23392 | Snake:2  | Found a shadowy altar of Dithmenos.
 23746 | Snake:2  | Noticed Saint Roka
 23764 | Snake:2  | Killed Saint Roka
 23815 | Snake:2  | Reached skill level 19 in Fighting
 24222 | Snake:3  | Found a glacial archway.
 24262 | IceCv    | Entered an ice cave
 24340 | IceCv    | Reached skill level 12 in Armour
 24974 | Snake:4  | Entered Level 4 of the Snake Pit
 25478 | Snake:4  | Reached XP level 18. HP: 114/139 MP: 9/18
 25593 | Snake:4  | Reached skill level 20 in Fighting
 25717 | Snake:4  | Noticed a quicksilver dragon
 25727 | Snake:4  | Killed a quicksilver dragon
 25828 | Snake:4  | Got a serpentine rune of Zot
 26273 | Swamp:1  | Killed Roxanne
 26774 | Swamp:3  | Reached skill level 21 in Fighting
 27037 | Swamp:3  | Noticed Mara
 27050 | Swamp:3  | Noticed elliptic's illusion
 27057 | Swamp:3  | Killed Mara
 27388 | Swamp:4  | Entered Level 4 of the Swamp
 27625 | Swamp:4  | Upgraded the game from 0.32-a0-485-g70f7560b1c to
                  | 0.32-a0-520-g344ed53f66
 27784 | Swamp:4  | Reached XP level 19. HP: 159/174 MP: 19/19
 27794 | Swamp:4  | Got a decaying rune of Zot
 28110 | Elf:1    | Entered Level 1 of the Elven Halls
 28112 | Elf:1    | Reached skill level 22 in Fighting
 28601 | Elf:1    | Reached skill level 15 in Armour
 28746 | Elf:1    | Found a shimmering blue altar of Sif Muna.
 29434 | Elf:2    | Reached skill level 23 in Fighting
 29497 | Elf:2    | Found a runed translucent gate.
 29497 | Elf:2    | Found a runed translucent gate.
 29498 | Elf:2    | Found a runed translucent gate.
 30142 | Elf:2    | Reached XP level 20. HP: 181/185 MP: 20/20
 30416 | Elf:3    | Entered Level 3 of the Elven Halls
 30440 | Elf:3    | Found Koyddueck's Jewellery Boutique.
 30982 | Vaults:1 | Entered Level 1 of the Vaults
 31038 | Vaults:1 | Found Maick's Antique Armour Shoppe.
 31122 | Vaults:1 | Bought a pitted robe for 228 gold pieces
 31122 | Vaults:1 | Identified the +1 robe of the Fife {Int+4 Dex+2 Stlth-}
                  | (You bought it in a shop on level 1 of the Vaults)
 31388 | Vaults:1 | Paralysed by a formless jellyfish for 1 turns
 31397 | Vaults:1 | Noticed Donald
 31405 | Vaults:1 | Killed Donald
 31913 | Vaults:1 | Found Poki's Weapon Emporium.
 32410 | Vaults:2 | Reached skill level 15 in Long Blades
 32614 | Vaults:4 | Reached skill level 24 in Fighting
 32622 | Vaults:4 | Reached XP level 21. HP: 195/195 MP: 21/21
 32736 | Vaults:3 | Paralysed by a formless jellyfish for 1 turns
 33296 | Vaults:3 | Reached skill level 25 in Fighting
 33406 | Vaults:2 | Found a staircase to the Crypt.
 33638 | Vaults:2 | Found Mangon's Magic Scroll Shop.
 33643 | Vaults:2 | Bought a scroll of teleportation for 51 gold pieces
 33662 | Vaults:2 | Paralysed by a formless jellyfish for 1 turns
 34181 | Vaults:3 | Found a huge runed translucent gate.
 34181 | Vaults:3 | Found a huge runed translucent gate.
 34181 | Vaults:3 | Found a huge runed translucent gate.
 34181 | Vaults:3 | Found a huge runed translucent gate.
 34181 | Vaults:3 | Found a huge runed translucent gate.
 34181 | Vaults:3 | Found a huge runed translucent gate.
 34181 | Vaults:3 | Found a huge runed translucent gate.
 34181 | Vaults:3 | Found a huge runed translucent gate.
 34182 | Vaults:3 | Found a huge runed translucent gate.
 34182 | Vaults:3 | Found a huge runed translucent gate.
 34182 | Vaults:3 | Found a huge runed translucent gate.
 34182 | Vaults:3 | Found a huge runed translucent gate.
 34182 | Vaults:3 | Found a huge runed translucent gate.
 34183 | Vaults:3 | Found a huge runed translucent gate.
 34185 | Vaults:3 | Found a huge runed translucent gate.
 34185 | Vaults:3 | Found a huge runed translucent gate.
 34189 | Vaults:3 | Found a huge runed translucent gate.
 34190 | Vaults:3 | Found a huge runed translucent gate.
 34191 | Vaults:3 | Found a huge runed translucent gate.
 34191 | Vaults:3 | Found a huge runed translucent gate.
 34191 | Vaults:3 | Found a huge runed translucent gate.
 34193 | Vaults:3 | Found a huge runed translucent gate.
 34194 | Vaults:3 | Found a huge runed translucent gate.
 34195 | Vaults:3 | Found a huge runed translucent gate.
 34195 | Vaults:3 | Found a huge runed translucent gate.
 34200 | Vaults:3 | Found a huge runed translucent gate.
 34201 | Vaults:3 | Found a huge runed translucent gate.
 34201 | Vaults:3 | Found a huge runed translucent gate.
 34201 | Vaults:3 | Found a huge runed translucent gate.
 34201 | Vaults:3 | Found a huge runed translucent gate.
 34203 | Vaults:3 | Found a huge runed translucent gate.
 34204 | Vaults:3 | Found a huge runed translucent gate.
 34205 | Vaults:3 | Found a huge runed translucent gate.
 34205 | Vaults:3 | Found a huge runed translucent gate.
 34210 | Vaults:3 | Found a huge runed translucent gate.
 34211 | Vaults:3 | Found a huge runed translucent gate.
 34691 | Vaults:3 | Got the Verses on Relocation and the Evil Eye
 34855 | Vaults:4 | Reached skill level 26 in Fighting
 35336 | Vaults:4 | Reached XP level 22. HP: 200/202 MP: 22/22
 35733 | Crypt:1  | Entered Level 1 of the Crypt
 35734 | Crypt:1  | Upgraded the game from 0.32-a0-520-g344ed53f66 to
                  | 0.32-a0-540-g866d13106e
 35974 | Crypt:1  | Noticed Margery
 35986 | Crypt:1  | Killed Margery
 35987 | Crypt:1  | Reached skill level 27 in Fighting
 36139 | Crypt:1  | Identified the ring of the Skies Above {Ice rPois Str+2}
 36139 | Crypt:1  | Noticed Josephina
 36151 | Crypt:1  | Killed Josephina
 36752 | Crypt:2  | Identified the +4 robe of Pragmatism {Int+4}
 36752 | Crypt:2  | Noticed Boris
 36767 | Crypt:2  | Killed Boris
 37756 | Crypt:3  | Entered Level 3 of the Crypt
 37792 | Crypt:3  | Identified the +4 morningstar "Vaek Veg" {freeze, rElec
                  | Str-4 Stlth+}
 38157 | Crypt:3  | Identified the +3 robe "Ugut" {+Inv MP+9 Dex+3}
 38157 | Crypt:3  | Noticed Boris
 38168 | Abyss:4  | Cast into level 4 of the Abyss (Boris)
 38169 | Abyss:4  | oh
 38189 | Abyss:4  | Found a corrupted altar of Lugonu.
 38316 | Abyss:4  | Reached XP level 23. HP: 219/219 MP: 23/23
 38395 | Crypt:3  | Escaped the Abyss
 38400 | Crypt:3  | Killed Boris
 38741 | Crypt:3  | Noticed Jory
 38754 | Crypt:3  | Killed Jory
 38813 | Crypt:3  | Found a staircase to the Tomb.
 38823 | Crypt:3  | Identified the ring "Rirefipp" {rN++ Str+6 Dex+3}
 38823 | Crypt:3  | Identified the ring "Zojilul" {Fly rPois rN++ Str+3}
 38824 | Crypt:3  | Identified the +10 plate armour of Lethargy {rF- rC+ Dex+4}
 38911 | Crypt:3  | Got the Octavo of Cadavers
 39286 | Depths:1 | Entered Level 1 of the Depths
 39326 | Depths:1 | Reached skill level 18 in Armour
 39326 | Depths:1 | Reached skill level 18 in Dodging
 39476 | Depths:1 | Found a gateway to Hell.
 39488 | Depths:1 | Identified the +2 dagger of a wizard's laboratory {venom,
                  | *Rage Str+7}
 39561 | Depths:1 | Found Utips's Armour Emporium.
 39700 | Depths:1 | Found a one-way gate to the infinite horrors of the Abyss.
 39730 | Depths:1 | Found a one-way gateway to a ziggurat.
 39840 | Depths:1 | Identified the +4 robe of Calculation {Rampage rN+}
 39840 | Depths:1 | Noticed Boris
 39856 | Depths:1 | Killed Boris
 39916 | Depths:1 | Found a hide-covered altar of Uskayaw.
 39954 | Depths:1 | Found a one-way gate leading to the halls of Pandemonium.
 40123 | Depths:2 | Noticed Nikola
 40131 | Depths:2 | Killed Nikola
 40157 | Depths:2 | Noticed Grunn
 40163 | Depths:2 | Killed Grunn
 40317 | Depths:2 | Reached XP level 24. HP: 227/227 MP: 23/23
 40446 | Depths:2 | Found Namiont's Magic Scroll Boutique.
 40456 | Depths:2 | Bought a scroll of teleportation for 45 gold pieces
 40456 | Depths:2 | Bought a scroll of teleportation for 45 gold pieces
 40456 | Depths:2 | Bought a scroll of teleportation for 45 gold pieces
 40714 | Depths:3 | Noticed a caustic shrike
 40714 | Depths:3 | Noticed a caustic shrike
 40714 | Depths:3 | Noticed a caustic shrike
 40715 | Depths:3 | Noticed a caustic shrike
 40721 | Depths:3 | Killed a caustic shrike
 40721 | Depths:3 | Killed a caustic shrike
 40722 | Depths:3 | Killed a caustic shrike
 40727 | Depths:3 | Killed a caustic shrike
 40854 | Depths:3 | Found the +9 scales of the Dragon King {rPois rF+ rC+
                  | Will+}
 40866 | Depths:3 | hmmm
 41186 | Depths:3 | Found an opulent altar of Gozag.
 41506 | Depths:4 | Entered Level 4 of the Depths
 41910 | Depths:4 | Identified the +0 leather armour of the Unicorn {rF+ Dex+3
                  | SInv}
 42247 | Depths:4 | Identified the +4 robe of Indemnity {rElec}
 42247 | Depths:4 | Noticed Boris
 42259 | Depths:4 | Killed Boris
 42408 | Depths:4 | Found Qixiseo's Tremendous Tomes.
 42653 | Depths:4 | Found a gate to the Realm of Zot.
 43087 | Vaults:5 | Entered Level 5 of the Vaults
 43119 | Vaults:5 | Reached skill level 21 in Armour
 43153 | Vaults:5 | Reached XP level 25. HP: 233/234 MP: 23/23
 43328 | Vaults:5 | Noticed a dread lich
 43336 | Vaults:5 | Killed a dread lich
 43392 | Vaults:5 | Identified the +0 great sword of Idineovy {antimagic,
                  | Dex+2}
 43742 | Vaults:5 | Identified the +0 scale mail of Ypeuru {Fly rF+++ Dex+3
                  | Stlth-}
 43902 | Vaults:5 | Identified the staff of Prudence {rN+ Int+4 Necro}
 44168 | Vaults:5 | Found Omeid's Book Shop.
 44528 | Vaults:5 | Noticed an ancient lich
 44534 | Vaults:5 | Killed an ancient lich
 44560 | Vaults:5 | Identified the +7 flail "Buos" {pain, *Rage Str+3 Int+3
                  | Dex+3}
 44560 | Vaults:5 | Identified the +1 bardiche "Paman" {heavy, rF+}
 44584 | Vaults:5 | Identified the +2 chain mail of New Discoveries {rF++
                  | Str-5}
 44597 | Vaults:5 | Got a silver rune of Zot
 44599 | Vaults:5 | Identified the staff "Gecikuf" {rN+ Int+3 Dex+2 Summ Necro
                  | Air}
 45053 | D:8      | Bought a potion of ambrosia for 80 gold pieces
 45125 | Orc:1    | Bought a potion of mutation for 120 gold pieces
 45125 | Orc:1    | Bought a potion of resistance for 150 gold pieces
 45125 | Orc:1    | Bought a potion of mutation for 120 gold pieces
 45149 | Orc:1    | Bought a pair of glowing boots for 225 gold pieces
 45198 | Orc:2    | Bought a scroll of revelation for 127 gold pieces
 45437 | Depths:2 | Bought a scroll of brand weapon for 142 gold pieces
 45437 | Depths:2 | Bought a scroll of enchant armour for 112 gold pieces
 45507 | Zot:1    | Entered Level 1 of the Realm of Zot
 45632 | Zot:2    | Reached XP level 26. HP: 234/242 MP: 23/23
 45651 | Zot:2    | Reached skill level 24 in Armour
 45806 | Zot:5    | Entered Level 5 of the Realm of Zot
 45807 | Zot:5    | Noticed an orb of fire
 45808 | Zot:5    | why
 45887 | Zot:4    | Killed an orb of fire
 46193 | Zot:5    | Got a prismatic gem with 349 turns to spare
 46250 | Zot:5    | Noticed an ancient lich
 46311 | Zot:5    | Noticed a Killer Klown
 46312 | Zot:5    | Noticed a dread lich
 46320 | Zot:5    | Killed an ancient lich
 46327 | Zot:5    | Killed a Killer Klown
 46336 | Zot:5    | Killed a dread lich
 46345 | Zot:5    | Noticed an orb of fire
 46352 | Zot:5    | Noticed an orb of fire
 46356 | Zot:5    | Killed an orb of fire
 46362 | Zot:5    | Killed an orb of fire
 46365 | Zot:5    | Noticed an orb of fire
 46365 | Zot:5    | Noticed an electric golem
 46366 | Zot:5    | Noticed an electric golem
 46377 | Zot:5    | Killed an orb of fire
 46388 | Zot:5    | Killed an electric golem
 46392 | Zot:5    | Killed an electric golem
 46476 | Zot:5    | Got the Orb of Zot
 47052 | D:$      | Escaped with the Orb!

Levels and vault maps discovered:
D:1:      dpeg_arrival_stone_temple_mockup, layout_basic
D:2:      layout_rooms, grunt_ministairs_7
D:3:      layout_basic, mainiacjoe_overflow_small_starburst,
          serial_bayou_pond_e, st_stairs_14
D:4:      cheibrodos_quashed, layout_gridville, nicolae_overflow_crystal_walls,
          uniq_duvessa, uniq_natasha
D:5:      layout_basic, minmay_misc_feat_encased
D:6:      kennysheep_big_flooded_room, layout_basic, serial_shops,
          nicolae_shop_bloodbath_and_beyond, minmay_increasing_density,
          uniq_menkaure, uniq_grinder, uniq_crazy_yiuf_cottage
D:7:      layout_rooms, minmay_temple_entry_proselytizer,
          ebering_ghost_reflecting_pool
D:8:      layout_cave_pools, jmf_multi_god_temple, serial_shops,
          nicolae_shop_scrapyard, shop_statue, shop_statue,
          hellmonk_ghost_big_iron
D:9:      layout_roguey [special_room_orc], erik_lair_orcish_takeover,
          uniq_maurice, uniq_pikel
D:10:     layout_small_grid, minmay_orc_entry_guard_dogs,
          kennysheep_generic_room_13
D:11:     due_megacathedral, layout_layer_cave
D:12:     layout_irregular_city, serial_shops, shop
D:13:     layout_roguey
D:14:     layout_irregular_city, david_vaults_1, serial_ice, serial_ice_o,
          serial_ice_i, serial_ice_e, serial_ice_d, gauntlet_entry_generic,
          nemelex_xobeh_ov_fountains_minmay
D:15:     grunt_enter_depths_magical_seal, layout_cave_pods,
          hangedman_decor_lopped
Temple:   nicolae_temple_two_arcs
Lair:1:   layout_cave_pods, grunt_megastairs_3, serial_bayou_shore_a
Lair:2:   layout_cave_pods, guppyfry_snake_entry_island, columned_hall_lemuel
Lair:3:   layout_roguey, swamp_mist, small_statue_intersection,
          cheibrodos_lair_lostbears
Lair:4:   layout_cave_shapes
Lair:5:   minmay_lair_end_enchanted_forest, layout_loops_ring,
          dpeg_slime_entry_corner, st_stairs_12, nzn_masters_of_martial_movement
Swamp:1:  layout_falls_marsh, serial_swamp_ruin, evilmike_swamp_ruin_rubble_1,
          evilmike_swamp_ruin_house_1, swamp_pool_3, cheibrodos_swamp_minitomb,
          uniq_mlioglotl, uniq_jorgrun, uniq_roxanne
Swamp:2:  layout_basic_swamp, nicolae_swamp_oxbows, uniq_louise
Swamp:3:  layout_basic_swamp, nicolae_swamp_reclaimed_castle, swamp_pool_3,
          infiniplex_staircase_pool_2, uniq_mara
Swamp:4:  swamp_basic_johnstein, layout_basic_swamp, swamp_pool_5,
          statue_in_the_mist_lemuel
Snake:1:  layout_misc_corridors, nicolae_integral_box, minmay_shoptagon
Snake:2:  layout_chambers, lemuel_oklob_altar, uniq_saint_roka
Snake:3:  layout_onion, portal_ice_cave_entry_frozen_things,
          serial_bayou_shore_b, lemuel_fruit_tree
Snake:4:  hellmonk_snake_rune_quicksilver_temple, layout_rooms,
          nicolae_snake_slithery_corners, corexii_hall_statues_deadend
Orc:1:    layout_diamond_mine, serial_shops, nicolae_shop_hallway_stairs, shop,
          shop, shop, nicolae_shop_gaudy_bauble,
          hellmonk_guarded_unrand_dark_maul, uniq_fannar, uniq_erica
Orc:2:    st_orc_elflike, layout_caves, serial_shops, shop, minmay_orc_temple_b,
          uniq_rupert
Elf:1:    elf_arrival_002, layout_rooms, basic_altar,
          minmay_elf_crystal_heptagon
Elf:2:    nicolae_elf_blades_splatter_lattice
          [nicolae_blade_entry_crossed_weapons], layout_geoelf_grid
Elf:3:    minmay_elf_hall_four_x, layout_geoelf_diagonals, serial_shops, shop
Vaults:1: hangedman_vaults_snaps, nicolae_vaults_taking_the_gang_shopping,
          layout_vaults_omnigrid, serial_shops, shop, uniq_donald
Vaults:2: v_pattern_5, ontoclasm_vaults_shout, nicolae_vaults_yaktaur_gun_rack,
          minmay_crypt_entry_simple_box, v_misc_28, vaults_room_grid,
          nicolae_vaults_network_s, nicolae_vaults_trapezoid_lopsided_3,
          ontoclasm_vaults_shuriken, nicolae_vaults_little_squares_4,
          nicolae_vaults_little_squares_6, nicolae_vaults_border_crossing,
          layout_vaults_ring, serial_shops, shop
Vaults:3: nicolae_vaults_storage_closets_2, hangedman_vaults_maws,
          nicolae_vaults_specimen_jars, nicolae_vaults_sesquioval_fish,
          grunt_vaults_hallway_long, v_misc_30, nicolae_vaults_little_squares_1,
          nicolae_vaults_diamond_1, nicolae_vaults_closet_pinwheel_5,
          nicolae_vaults_sesquioval_fish, not_door_vault_mu,
          nicolae_vaults_double_plus_1, nicolae_vaults_tetromino_Z_1,
          ontoclasm_vaults_gateway, nicolae_vaults_house_1,
          layout_vaults_omnicross
Vaults:4: hangedman_vaults_stream, v_alt_pattern_3, ontoclasm_vaults_ring_small,
          nicolae_vaults_trapezoid_lopsided_3, nicolae_vaults_shrinking_rooms_2,
          nicolae_vaults_bisected_slash, nicolae_vaults_storage_room_doors,
          vaults_room_pools, hangedman_vaults_stagger, vaults_room_grid,
          vaults_room_pool, nicolae_vaults_cornered_office,
          nicolae_vaults_ninety_degrees, dpeg_vaults_monster_box,
          layout_vaults_omnibox
Vaults:5
Crypt:1:  layout_misc_corridors, lemuel_upstairs_altar,
          grunt_crypt_arrival_webbed, uniq_margery, uniq_josephina
Crypt:2:  layout_misc_corridors, uniq_boris
Crypt:3:  grunt_crypt_end_deaths_head
Depths:1: layout_basic, enter_ziggurat_f, hellmouth_2,
          hangedman_abyss_entry_splay, serial_bayou_pond_a, serial_shops,
          nicolae_shop_mannequins, rand_demon_pan_entry_7,
          nicolae_uskayaw_dance_hall
Depths:2: minmay_chopped_fan, layout_cave_pools, pan_entry, serial_shops, shop,
          nicolae_tricolors, pf_hell_entry_tar_spiral, uniq_grunn, uniq_nikola
Depths:3: wad_arrow_thing, layout_basic, hell_entry, abyss_entry,
          grunt_gozag_statues, kennysheep_generic_room_5,
          infiniplex_staircase_pillars_3a
Depths:4: grunt_zot_entry_tricorne, layout_honeycomb, hell_entry, pan_entry,
          hangedman_decor_opposing, nicolae_shop_i_like_big_books, minivault_15
Zot:1:    layout_concentric_octagons, st_single_dragon_hoard_3
Zot:2:    layout_onion_interference, st_large_dragon_hoard_1, grunt_megastairs_4
Zot:3:    layout_concentric_octagons, grunt_megastairs_5, uniq_vv
Zot:4:    layout_misc_corridors, regret_index_zotdec_twisting_globes
Zot:5:    layout_misc_corridors

Action                     |  1- 3 |  4- 6 |  7- 9 | 10-12 | 13-15 | 16-18 | 19-21 | 22-24 | 25-27 || total
---------------------------+-------+-------+-------+-------+-------+-------+-------+-------+-------++-------
  Melee: Falchion          |    35 |       |       |       |       |       |       |       |       ||    35
         Rapier            |    19 |       |       |       |       |       |       |       |       ||    19
         Dagger            |    42 |   179 |   205 |       |       |       |       |       |       ||   426
         Scimitar          |       |       |    71 |   661 |   558 |   774 |   307 |       |       ||  2371
         Demon blade       |       |       |       |    99 |   545 |   769 |   691 |   838 |   449 ||  3391
         Double sword      |       |       |       |       |       |       |   391 |   860 |   455 ||  1706
  Throw: Dart              |       |       |     4 |     4 |     3 |     3 |       |       |       ||    14
 Invoke: Sacrifice Purity  |       |       |       |     1 |     1 |       |       |       |       ||     2
         Sacrifice Stealth |       |       |       |     1 |       |       |       |       |       ||     1
         Sacrifice Essence |       |       |       |     1 |       |       |       |       |       ||     1
         Sacrifice Arcana  |       |       |       |       |     1 |       |       |       |       ||     1
         Sacrifice Artific |       |       |       |       |     1 |       |       |       |       ||     1
         Sacrifice Love    |       |       |       |       |     1 |       |       |       |       ||     1
         Apocalypse        |       |       |       |       |       |     6 |    11 |    10 |     4 ||    31
         Power Leap        |       |       |       |       |       |     2 |       |       |       ||     2
  Evoke: Wand              |     3 |       |    20 |    11 |    12 |       |       |       |       ||    46
         Box of beasts     |       |       |       |       |     2 |       |       |       |       ||     2
         Phantom mirror    |       |       |       |       |     1 |       |       |       |       ||     1
         Lightning rod     |       |       |       |       |     3 |       |       |       |       ||     3
    Use: Scroll            |     2 |     8 |     9 |     5 |    12 |     4 |    12 |     3 |     9 ||    64
         Potion            |     1 |       |     3 |       |     4 |     2 |       |     4 |    16 ||    30
   Stab: Sleeping          |     4 |     6 |       |     2 |       |       |       |       |       ||    12
         Distracted        |       |       |       |     1 |     4 |     6 |    23 |    32 |    22 ||    88
         Invisible         |       |       |       |       |    13 |     3 |     8 |    13 |    14 ||    51
         Paralysed         |       |       |       |       |     6 |     8 |     7 |    23 |    12 ||    56
 Armour: Leather armour    |     1 |       |       |       |       |       |       |       |       ||     1
         Ring mail         |    27 |    37 |    10 |    85 |   215 |    62 |       |       |       ||   436
         Scale mail        |       |       |    63 |    26 |       |       |       |       |       ||    89
         Skin              |       |       |     4 |       |       |       |       |       |       ||     4
         Swamp dragon scal |       |       |       |       |       |   338 |     1 |       |       ||   339
         Chain mail        |       |       |       |       |       |     3 |       |       |       ||     3
         Quicksilver drago |       |       |       |       |       |       |   381 |   362 |   131 ||   874
         Gold dragon scale |       |       |       |       |       |       |       |       |   142 ||   142
  Dodge: Dodged            |    22 |    36 |    48 |   182 |   344 |   591 |   382 |   506 |   211 ||  2322
         Repelled          |       |       |       |       |       |     2 |    51 |       |       ||    53
  Block: Other             |     8 |    21 |    18 |    62 |    76 |    40 |       |       |       ||   225
         Reflection        |     1 |     2 |     1 |     2 |     1 |     2 |       |       |       ||     9
